 Dungeon Crawl Stone Soup version 0.30-a0-779-g7971cf19c3 (webtiles) character file.

Game seed: 16591496160463032170

50 Wobber the Insei (level 3, -2/24 HPs)
             Began as an Octopode Transmuter on Feb 17, 2023.
             Slain by a gnoll
             ... wielding a +0 spear
              (7 damage)
             ... on level 2 of the Dungeon.
             The game lasted 00:03:23 (1201 turns).

Wobber the Insei (Octopode Transmuter)              Turns: 1201, Time: 00:03:24

Health: -2/24      AC:  1    Str:  9    XL:     3   Next: 79%
Magic:  4/6        EV: 13    Int: 17    God:
Gold:   42         SH:  0    Dex: 12    Spells: 3/6 levels left

rFire   . . .      SeeInvis .      - Unarmed
rCold   . . .      Faith    .    (no shield)
rNeg    . . .      Spirit   .    (helmet currently unavailable)
rPois   .          Reflect  .    (no amulet)
rElec   .          Harm     .    (no ring)
rCorr   .          Rampage  .    (no ring)
Will    .....                    (no ring)
Stlth   ++                       (no ring)
HPRegen 0.24/turn                (no ring)
MPRegen 0.10/turn                (no ring)
                                 (no ring)
                                 (no ring)

@: appendages, wereblooded
A: tentacle spike 3, almost no armour, amphibious, 8 rings, camouflage 1,
gelatinous body 1, (nimble swimmer 1), tentacles
a: End Transformation


You were on level 2 of the Dungeon.
One of your tentacles had grown a beastly spike.
You visited 1 branch of the dungeon, and saw 2 of its levels.

You collected 42 gold pieces.

Inventory:

Missiles
 j - 21 stones
Scrolls
 b - a scroll of fear {unknown}
 c - 2 scrolls of immolation {unknown}
 d - a scroll of amnesia {unknown}
 g - a scroll of identify {unknown}
 l - a scroll of enchant armour {unknown}
 m - a scroll of magic mapping {unknown}
 n - a scroll of blinking {unknown}
 o - a scroll of enchant weapon {unknown}
 p - a scroll of poison {unknown}
Potions
 a - a potion of lignification
 e - a potion of haste {unknown}
 f - 2 potions of heal wounds {unknown}
 h - 3 potions of mutation {unknown}
 i - a potion of resistance {unknown}
 k - a potion of magic {unknown}


   Skills:
 - Level 1.6 Fighting
 - Level 2.4 Dodging
 - Level 3.0 Unarmed Combat
 + Level 2.3 Spellcasting
 * Level 2.6 Transmutations
 * Level 1.3 Ice Magic


You had 3 spell levels left.
You knew the following spells:

 Your Spells              Type           Power      Damage    Failure   Level
a - Beastly Appendage     Tmut           20%        N/A       6%          1
b - Wereblood             Tmut           10%        N/A       10%         2

Your spell library contained the following spells:

 Spells                   Type           Power      Damage    Failure   Level
 Spider Form              Tmut/Pois      6%         N/A       32%         3
 Portal Projectile        Hex/Tloc       2%         N/A       50%         3
 Tukima's Dance           Hex            1%         N/A       50%         3
 Ice Form                 Ice/Tmut       8%         N/A       63%         4
 Blade Hands              Tmut           5%         N/A       87%         5


Dungeon Overview and Level Annotations

Branches:
Dungeon (2/15)

Altars:


Innate Abilities, Weirdness & Mutations

One of your tentacles has grown a beastly spike.
You cannot wear most types of armour.
You are amphibious.
You can wear up to eight rings at the same time.
Your skin changes colour to match your surroundings (Stealth+).
Your rubbery body absorbs attacks. (AC +1, EV +1)
((You are camouflaged when in or above water. (Stealth+)))
You have tentacles for arms and can constrict up to eight enemies at once.


Message History

You pierce the endoplasm, but do no damage.
You squeeze the endoplasm.
The endoplasm is heavily wounded.
The endoplasm freezes you.
You are frozen.
You tentacle-slap the endoplasm.
You kill the endoplasm!
Your transformation is almost over.
Your tentacle spike disappears.
HP restored.
Found a stone staircase leading down.
A gnoll comes into view. It is wielding a +0 spear.
The gnoll shouts!
The gnoll throws a throwing net.
The throwing net hits you.
You become entangled in the net!
An endoplasm comes into view.
You see here a throwing net.
You struggle against the net.
One of your tentacles grows a vicious spike.
Casting: Beastly Appendage (safe; 6% risk of failure)
Confirm with . or Enter, or press ? or * to list all spells.
Your blood is infused with primal strength.
You struggle against the net.
You struggle against the net.
The gnoll hits you from afar with a +0 spear!
You struggle against the net.
The gnoll barely misses you.
You rip the net and break free!
The gnoll hits you from afar with a +0 spear.
You tentacle-slap the endoplasm but do no damage.
Your tentacle spike misses the endoplasm.
You squeeze the endoplasm.
You feel a bit better.
You kill the endoplasm!
The gnoll hits you from afar with a +0 spear.
The gnoll hits you with a +0 spear!
* * * LOW HITPOINT WARNING * * *
You tentacle-slap the gnoll but do no damage.
You grab the gnoll.
You pierce the gnoll.
The gnoll is moderately wounded.
You constrict the gnoll. The gnoll hits you with a +0 spear!
You die...

########
#.######......#
...>...@.####.#
#.##..g### #.#
#.... #.# ##...
#.# ##.# #.# #
.. #.# .. ..#
.#. #.##.# #.#
.#. ##.##.# #.#
##...#.####.#


You could see a gnoll.

Vanquished Creatures
  An adder (D:2)
  3 dart slugs (D:1)
  4 endoplasms
  2 giant cockroaches (D:1)
  3 goblins (D:1)
  2 hobgoblins (D:1)
  4 jackals (D:1)
  3 quokkas (D:1)
  A ball python (D:1)
  2 bats (D:1)
  A frilled lizard (D:1)
  A kobold (D:2)
  5 rats (D:1)
32 creatures vanquished.

Notes
Turn   | Place    | Note
-------+----------+-------------------------------------------
     0 | D:1      | Wobber the Octopode Transmuter began the quest for the Orb.
     0 | D:1      | Reached XP level 1. HP: 13/13 MP: 3/3
   131 | D:1      | Reached XP level 2. HP: 18/18 MP: 5/5
   325 | D:1      | Reached XP level 3. HP: 23/23 MP: 4/6
   463 | D:1      | Reached skill level 1 in Ice Magic
   983 | D:2      | Learned a level 2 spell: Wereblood
  1201 | D:2      | Slain by a gnoll

Illustrated notes

Levels and vault maps discovered:
D:1:      moated_graveyard_arrival, layout_basic, serial_park_tiny_pond,
          minmay_misc_feat_pillars, chequers_avenue
D:2:      wander_river, layout_loops_corners, minmay_domino_2

Skill      XL: |  1  2  3 |
---------------+----------+-----
Ice Magic      | 1 |  1.3
Fighting       | |  1.6
Dodging        | |  2.4
Unarmed Combat | |  3.0
Spellcasting   | |  2.3
Transmutations | |  2.6

Action                     || total
---------------------------++-------
  Melee: Unarmed           ||    61
         Constrict         ||    18
         Tentacles         ||    11
         Kick              ||    13
   Cast: Beastly Appendage ||    20
         Wereblood         ||     1
   Stab: Sleeping          ||     7
 Armour: Skin              ||     4
  Dodge: Dodged            ||    30

Table legend: (Time is in decaauts)
 A = Elapsed time spent in this place.
 B = Non-inter-level travel time spent in this place.
 C = Inter-level travel time spent in this place.
 D = Time resting spent in this place.
 E = Time spent auto-exploring this place.
 F = Levels seen in this place.
 G = Mean time per level.
                   A        B        C        D        E       F      G
               +--------+--------+--------+--------+--------+-----+--------+
         Total |   1197 |   1174 |     23 |      0 |    934 |   2 |  598.5 |
       Dungeon |   1197 |   1174 |     23 |      0 |    934 |   2 |  598.5 |
               +--------+--------+--------+--------+--------+-----+--------+

Top non-repeatable levels by time:
     D:1: 919 daAuts
     D:2: 277 daAuts
